 Dungeon Crawl Stone Soup version 0.28-a0-1344-g6b9ff3a05d (webtiles) character file.

Game seed: 13332051012051792610

44 Delamore the Shield-Bearer (level 3, -6/23 HPs)
             Began as a Gargoyle Fighter on Dec 29, 2021.
             Mangled by Sigmund (9 damage)
             ... on level 2 of the Dungeon.
             The game lasted 00:00:57 (870 turns).

Delamore the Shield-Bearer (Gargoyle Fighter)        Turns: 870, Time: 00:00:58

Health: -6/23      AC: 10    Str: 21    XL:     3   Next: 60%
Magic:  3/3        EV:  9    Int:  8    God:
Gold:   32         SH:  4    Dex:  9    Spells: 2/2 levels left

rFire   . . .      SeeInvis .   a - +0 flail
rCold   . . .      Faith    .   c - +0 buckler
rNeg    + . .      Spirit   .   b - +0 scale mail
rPois   ∞          Reflect  .   (no helmet)
rElec   +          Harm     .   (no cloak)
rCorr   .          Rampage  .   (no gloves)
Will    .....                   (no boots)
Stlth   ..........              (no amulet)
HPRegen 0.07/turn               (no ring)
MPRegen 0.08/turn               (no ring)

@: attractive
A: sickness immunity, AC +3, negative energy resistance 1, electricity
resistance, torment resistance 1, petrification resistance
a: no special abilities


You were on level 2 of the Dungeon.
You visited 1 branch of the dungeon, and saw 2 of its levels.

You collected 32 gold pieces.

Inventory:

Hand Weapons
 a - a +0 flail (weapon)
Armour
 b - a +0 scale mail (worn)
 c - a +0 buckler (worn)
Scrolls
 e - a scroll of magic mapping {unknown}
 f - a scroll of fear {unknown}
 g - a scroll of enchant weapon
Potions
 d - a potion of might


   Skills:
 - Level 3.2 Fighting
 + Level 3.3 Maces & Flails
 - Level 3.2 Armour
 - Level 4.0 Shields


You had 2 spell levels left.
You didn't know any spells.
Your spell library was empty.

Dungeon Overview and Level Annotations

Branches:
Dungeon (2/15)

Altars:

Annotations:
D:2 Sigmund


Innate Abilities, Weirdness & Mutations

You are immune to sickness and miasma.
Your stone body is resilient. (AC +3)
You are immune to poison.
You resist negative energy. (rN+)
You are resistant to electric shocks. (rElec)
You are resistant to unholy torment.
You are immune to petrification.


Message History

Sigmund is nearby!
Sigmund barely misses you.
You closely miss Sigmund. Sigmund hits you with a +0 scythe.
A giant cockroach comes into view.
You hit Sigmund.
Sigmund is lightly wounded.
Sigmund hits you but does no damage.
You hit Sigmund.
Sigmund is moderately wounded.
The giant cockroach barely misses you.
A dart slug comes into view.
You block Sigmund's attack.
You closely miss Sigmund.
Sigmund is moderately wounded.
The giant cockroach bites you but does no damage.
You block the giant cockroach's attack.
You sock Sigmund!
Sigmund is severely wounded.
Sigmund gestures at you while chanting.
The magic dart hits you but does no damage.
The giant cockroach barely misses you. Sigmund closely misses you.
The dart slug bites you but does no damage.
The giant cockroach bites you but does no damage.
The giant cockroach bites you but does no damage.
You hit the giant cockroach.
The giant cockroach is severely wounded.
The giant cockroach barely misses you.
You hit the giant cockroach.
You kill the giant cockroach!
Sigmund breathes a few words.
Sigmund's hands start flickering wildly.
Sigmund drinks a potion.
Sigmund seems to grow stronger.
Sigmund hits you from afar with a +0 scythe!!
Ouch! That really hurt!
* * * LOW HITPOINT WARNING * * *
You see here a giant cockroach corpse.
It was a potion of attraction.
You feel attractive to monsters. Sigmund hits you with a +0 scythe!
You die...

.#
######..#.#
###.........#
#............
#.#.####..#..
#.# # #w# #@#
#@# # #.# .##
#.# ..#
#.#### #.#
#....#
#.#########.#
#.##.......#
#....#######
#..###


You could see Sigmund (strong) and a dart slug.

Vanquished Creatures
  A gnoll (D:1)
  A dart slug (D:1)
  4 bats (D:1)
  3 endoplasms (D:1)
  2 giant cockroaches
  4 goblins (D:1)
  A hobgoblin (D:1)
  3 jackals (D:1)
  2 quokkas (D:1)
  3 ball pythons (D:1)
  2 kobolds (D:1)
  2 rats (D:1)
28 creatures vanquished.

Notes
Turn   | Place    | Note
-------+----------+-------------------------------------------
     0 | D:1      | Delamore the Gargoyle Fighter began the quest for the Orb.
     0 | D:1      | Reached XP level 1. HP: 14/14 MP: 1/1
    28 | D:1      | Reached XP level 2. HP: 15/19 MP: 2/2
   142 | D:1      | Found a faded altar of an unknown god.
   200 | D:1      | Reached XP level 3. HP: 18/23 MP: 3/3
   282 | D:1      | Reached skill level 4 in Shields
   852 | D:2      | Noticed Sigmund
   870 | D:2      | Mangled by Sigmund

Illustrated notes

Levels and vault maps discovered:
D:1:      lightli_arrival_quake, layout_basic, ebering_ecumenical_altar_webs
D:2:      layout_loops_ring, basic_altar, bh_walls_and_bars,
          uniq_crazy_yiuf_cottage, uniq_sigmund

Skill      XL: |  1  2  3 |
---------------+----------+-----
Shields        | 4 |  4.0
Maces & Flails | 3 |  3.3
Fighting       | |  3.2
Armour         | |  3.2

Action                   || total
-------------------------++-------
Melee: Flail             ||   107
  Use: Scroll            ||     1
       Potion            ||     1
Armor: Scale mail        ||    64
Dodge: Dodged            ||    81
Block: Buckler           ||    35

Table legend: (Time is in decaauts)
 A = Elapsed time spent in this place.
 B = Non-inter-level travel time spent in this place.
 C = Inter-level travel time spent in this place.
 D = Time resting spent in this place.
 E = Time spent auto-exploring this place.
 F = Levels seen in this place.
 G = Mean time per level.
                   A        B        C        D        E       F      G
               +--------+--------+--------+--------+--------+-----+--------+
         Total |    898 |    876 |     22 |      0 |    659 |   2 |  449.0 |
       Dungeon |    898 |    876 |     22 |      0 |    659 |   2 |  449.0 |
               +--------+--------+--------+--------+--------+-----+--------+

Top non-repeatable levels by time:
     D:1: 850 daAuts
     D:2: 48 daAuts
